 Dungeon Crawl Stone Soup version 0.27-a0-1312-g5cdb2b3542 (webtiles) character file.

Game seed: 10140677532640837837

19 GoCommitDie the Skirmisher (level 2, 27/27 HPs)
             Began as a Minotaur Fighter on June 20, 2021.
             Quit the game on level 1 of the Dungeon.
             The game lasted 00:07:14 (2430 turns).

GoCommitDie the Skirmisher (Minotaur Fighter)       Turns: 2430, Time: 00:07:15

Health: 27/27      AC:  7    Str: 20    XL:     2   Next: 55%
Magic:  1/1        EV:  7    Int:  5    God:
Gold:   14         SH:  9    Dex:  9    Spells: 1/1 levels left

rFire    . . .     SeeInvis .   a - +0 war axe
rCold    . . .     Faith    .   c - +0 kite shield
rNeg     . . .     Spirit   .   b - +0 scale mail
rPois    .         Reflect  .   (helmet restricted)
rElec    .         Harm     .   (no cloak)
rCorr    .         Rampage  .   (no gloves)
Will     .....                  (no boots)
Stlth    ..........             (no amulet)
HPRegen  0.09/turn              (no ring)
MPRegen  0.07/turn              (no ring)

@: no status effects
A: horns 2, retaliatory headbutt
a: no special abilities


You were on level 1 of the Dungeon.
You visited 1 branch of the dungeon, and saw 1 of its levels.

You collected 14 gold pieces.

Inventory:

Hand Weapons
 a - a +0 war axe (weapon)
Armour
 b - a +0 scale mail (worn)
 c - a +0 kite shield (worn)
Scrolls
 e - a scroll of enchant armour {unknown}
Potions
 d - a potion of might
 f - a potion of curing {unknown}
 g - a potion of heal wounds {unknown}


   Skills:
 + Level 4.0 Fighting
 + Level 2.8 Axes
 + Level 3.9 Armour
 + Level 4.0 Shields


You had one spell level left.
You didn't know any spells.
Your spell library was empty.

Dungeon Overview and Level Annotations

Branches:
Dungeon (1/15)

Altars:

Shops:
D:1 *


Innate Abilities, Weirdness & Mutations

You have a pair of horns on your head.
You reflexively headbutt those who attack you in melee.


Message History

[Y]es or [N]o only, please.
Really walk into that teleport trap? [Y]es or [N]o only, please.
Really walk into that teleport trap? [Y]es or [N]o only, please.
Really walk into that teleport trap? [Y]es or [N]o only, please.
Really walk into that teleport trap? [Y]es or [N]o only, please.
Really walk into that teleport trap?
You enter a teleport trap!
The teleport trap disappears.
Your surroundings suddenly seem different.
You see here a +0 dagger.
There is a fountain of clear blue water here.
There is a staircase leading out of the dungeon here.
There is a fountain of clear blue water here.
There is a staircase leading out of the dungeon here.
There is a fountain of clear blue water here.
You see here a +0 hunting sling.
You see here a +0 hunting sling.
You see here a +0 hunting sling.
Sorry, I don't know how to traverse that place.
You enter the shallow water.
Moving in this stuff is going to be slow.
You see here a +0 robe.
You see here a +0 robe.
You start waiting.
You start waiting.
Done waiting.
You start waiting.
Done waiting.
You start waiting.
Done waiting.
You start waiting.
Done waiting.
You start waiting.
Done waiting.
You start waiting.
Done waiting.
Are you sure you want to abandon this character and quit the game? (Confirm with "yes".)

#...# #............# #.# #...#
#............# #.# #...#
#.........#### #.# #...#
#.........# #.# #...# #.....[≈..#
##'### #...# #.....≈≈..# #.....
#...####......≈..#######.....
#...'..'≈≈≈..................
#####...##≈≈≈...@....#######.....
#........≈≈.......#### #.....
#.#####.≈≈..#.≈≈.#.# #.....
#.#####>#.≈≈≈..≈≈.## ####.....
#.....#.#...≈###≈≈.# #..(.....
#.(##.#.#...≈# ###.# #.###.#..
#..##.#.#...######.######.###.##.
#..#..#...............##.........
#..########.#########.##..##♣♣♣.♣


There were no monsters in sight!

Vanquished Creatures
  A dart slug (D:1)
  An endoplasm (D:1)
  2 giant cockroaches (D:1)
  A goblin (D:1)
  A hobgoblin (D:1)
  A kobold (D:1)
  4 quokkas (D:1)
  A ball python (D:1)
  3 rats (D:1)
15 creatures vanquished.

Notes
Turn   | Place    | Note
-------+----------+-------------------------------------------
     0 | D:1      | GoCommitDie the Minotaur Fighter began the quest for the
                  | Orb.
     0 | D:1      | Reached XP level 1. HP: 19/19 MP: 0/0
    97 | D:1      | Reached XP level 2. HP: 27/27 MP: 1/1
   303 | D:1      | Found Heqeucyn's General Store.
   411 | D:1      | Found a faded altar of an unknown god.
  2430 | D:1      | Quit the game

Illustrated notes

Levels and vault maps discovered:
D:1:      scummos_arrival_forest, layout_basic,
          chequers_ecumenical_altar_simple_redux, serial_shops, shop,
          chequers_serial_rivers_small_b

Skill      XL: |  1  2 |
---------------+-------+-----
Fighting       | 4 |  4.0
Shields        | 4 |  4.0
Axes           | |  2.8
Armour         | |  3.9

Action                   || total
-------------------------++-------
Melee: War axe           ||    36
       Headbutt          ||     5
Armor: Scale mail        ||    15
Dodge: Dodged            ||    12
Block: Kite shield       ||    20

Table legend: (Time is in decaauts)
 A = Elapsed time spent in this place.
 B = Non-inter-level travel time spent in this place.
 C = Inter-level travel time spent in this place.
 D = Time resting spent in this place.
 E = Time spent auto-exploring this place.
 F = Levels seen in this place.
 G = Mean time per level.
                   A        B        C        D        E       F      G
               +--------+--------+--------+--------+--------+-----+--------+
         Total |   2455 |    860 |   1595 |    641 |      0 |   1 | 2455.0 |
       Dungeon |   2455 |    860 |   1595 |    641 |      0 |   1 | 2455.0 |
               +--------+--------+--------+--------+--------+-----+--------+

Top non-repeatable levels by time:
     D:1: 2455 daAuts
